AoeStats
← 他并不是一个笨比

Nomad

508784341Analyzed
4v4 RM · 8d ago on Sep 24, 2026· 51m 36s· 8 players
Game mode
Random Map
Map size
231×231
Population
200
Speed
Normal
Resources
Standard
Victory
Conquest
Starting age
Dark Age
Ending age
Imperial Age
RankedLock teamsTeams togetherTeam positionsShared explorationLock speedFull tech treeHidden civsTurbo modeCheats
Victory
Defeat
🇧🇷 Tatars · Brazil
1303
+13
🇧🇷 Vietnamese · Brazil
1249
+15
🇨🇳 Hindustanis · China
1205
+17
🇧🇷 Magyars · Brazil
1114
+22
1291
-19
🇨🇦 Mongols · Canada
1283
-19
🇹🇼 Ethiopians · Taiwan
1182
-15
🇺🇸 Japanese · United States
1168
-14
nborgesfilho
5:54 Loom
14:01 Feudal Age
18:07 Castle Age
17:16 Double-Bit Axe
17:43 Fletching
30:50 Bodkin Arrow
30:49 Gold Mining
32:28 Wheelbarrow
32:37 Ballistics
31:59 Horse Collar
35:55 Heavy Plow
38:37 Imperial Age
36:29 Padded Archer Armor
37:05 Bow Saw
37:51 Leather Archer Armor
37:46 Stone Mining
39:07 Hand Cart
39:26 Bracer
44:56 Elite Rattan Archer
45:58 Paper Money
46:54 Chemistry
47:09 Ring Archer Armor
50:18 Chatras
51:42 Murder Holes
51:52 Siege Engineers
职业杀猪
4:40 Loom
14:51 Feudal Age
15:41 Double-Bit Axe
18:57 Castle Age
17:04 Fletching
17:36 Padded Archer Armor
18:23 Gold Mining
19:49 Bodkin Arrow
19:18 Crossbowman
21:37 Ballistics
22:31 Leather Archer Armor
32:34 Imperial Age
32:45 Scale Mail Armor
32:55 Forging
33:18 Bracer
33:46 Chain Mail Armor
35:28 Iron Casting
37:08 Ring Archer Armor
37:05 Bow Saw
36:38 Horse Collar
38:03 Gold Shaft Mining
37:20 Stone Mining
38:38 Blast Furnace
38:36 Heavy Plow
39:58 Stone Shaft Mining
40:23 Conscription
41:20 Ring Archer Armor
42:43 Chemistry
41:42 Elite Ghulam
43:13 Wheelbarrow
42:29 Town Watch
42:14 Elite Skirmisher
47:17 Two-Man Saw
46:35 Hand Cart
46:21 Town Patrol
46:46 Grand Trunk Road
46:49 Shatagni
47:28 Hoardings
48:52 Thumb Ring
48:12 Imperial Skirmisher
Cabra da Peste
5:42 Loom
15:48 Feudal Age
18:43 Scale Barding Armor
23:29 Bloodlines
27:19 Wheelbarrow
30:33 Castle Age
28:53 Gold Mining
28:53 Double-Bit Axe
39:30 Chain Barding Armor
41:29 Stone Mining
47:50 Horse Collar
48:33 Corvinian Army
50:06 Heavy Plow
dionathanbh
5:30 Loom
13:30 Feudal Age
15:23 Wheelbarrow
18:48 Castle Age
17:22 Double-Bit Axe
17:29 Gold Mining
18:18 Fletching
21:19 Padded Archer Armor
22:10 Ballistics
21:49 Bodkin Arrow
26:05 Husbandry
26:15 Bloodlines
35:25 Hand Cart
39:47 Imperial Age
37:04 Town Watch
40:42 Bracer
40:57 Leather Archer Armor
41:39 Heavy Cavalry Archer
43:23 Chemistry
42:38 Silk Armor
twitch.tv/WatzTheDeal
6:18 Loom
13:49 Feudal Age
14:48 Double-Bit Axe
19:49 Castle Age
18:59 Scale Mail Armor
19:09 Forging
18:49 Fletching
18:43 Horse Collar
20:15 Wheelbarrow
24:42 Bodkin Arrow
26:25 Padded Archer Armor
26:40 Chain Mail Armor
27:00 Iron Casting
26:32 Squires
26:18 Arson
zesen
4:36 Loom
13:15 Feudal Age
18:00 Scale Barding Armor
18:05 Forging
19:56 Castle Age
18:05 Gold Mining
19:17 Double-Bit Axe
22:37 Stone Mining
24:00 Bow Saw
23:35 Horse Collar
23:49 Fletching
23:59 Padded Archer Armor
23:32 Demolition Ship
23:58 Fishing Lines
27:40 Imperial Age
25:53 Bodkin Arrow
26:14 Leather Archer Armor
27:04 Gillnets
28:06 Iron Casting
28:30 Gold Shaft Mining
28:53 Conscription
30:14 Wheelbarrow
31:13 Chemistry
30:34 Ballistics
31:34 Bracer
32:49 Nomads
33:52 Husbandry
34:03 Bloodlines
37:16 Hoardings
38:23 Elite Mangudai
43:02 Chain Barding Armor
43:10 Light Cavalry
45:24 Heavy Plow
Liam
5:00 Loom
14:10 Feudal Age
19:02 Castle Age
17:17 Double-Bit Axe
17:42 Horse Collar
22:43 Scale Mail Armor
22:53 Forging
24:45 Crossbowman
25:50 Fletching
26:57 Bodkin Arrow
33:04 Heavy Plow
33:39 Padded Archer Armor
35:15 Wheelbarrow
39:23 Thumb Ring
41:51 Imperial Age
39:52 Bow Saw
41:12 Hand Cart
40:42 Town Watch
42:58 Leather Archer Armor
43:10 Gold Mining
43:13 Stone Mining
42:57 Arbalester
45:59 Bracer
46:24 Light Cavalry
47:05 Husbandry
47:38 Ring Archer Armor
47:14 Scale Barding Armor
50:02 Chain Barding Armor
50:19 Iron Casting
51:37 Conscription
他并不是一个笨比
3:34 Loom
14:55 Feudal Age
16:06 Double-Bit Axe
18:26 Castle Age
18:53 Pikeman
19:34 Fletching
19:46 Padded Archer Armor
20:27 Wheelbarrow
23:24 Bow Saw
25:13 Horse Collar
26:46 Heavy Plow
29:48 Hand Cart
30:50 Gold Mining
31:34 Bodkin Arrow
31:56 Leather Archer Armor
37:50 Imperial Age
37:13 Gold Shaft Mining
36:29 Stone Mining
37:24 Thumb Ring
38:40 Ballistics
39:13 Conscription
40:14 Capped Ram
45:22 Siege Ram
46:40 Heavy Rocket Cart
Connection lost

Rejoining the realm…

Still unreachable

The connection could not be restored.

Session expired

The server has moved on; the page needs a fresh start.